[ AOE2 MATCH · #475215262 ]
UnrankedSaracens vs Gurjaras
[ REPLAY ANALYSIS · EXTRACTED FROM THE RECORDED GAME ]
Feudal
11:24
Castle
15:06
Imperial
—
| APM avg | 46.1 |
| APM peak | 141 |
| eAPM avg | 35.1 |
| Villagers / military | 264 / 12 |
Focus
⚔️ 25.0% · 🌾 75.0%
Trade Cart ×25 · Mameluke ×6 · Mangonel ×6
Feudal
13:35
Castle
21:02
Imperial
34:22
| APM avg | 53.6 |
| APM peak | 110 |
| eAPM avg | 36.5 |
| Villagers / military | 160 / 50 |
Focus
⚔️ 30.3% · 🌾 69.7%
Elephant Archer ×32 · Trebuchet (Packed) ×6 · Monk ×4 · Armored Elephant ×4 · Militia ×3 · Hand Cannoneer ×1
Feudal
9:43
Castle
24:27
Imperial
34:37
| APM avg | 39.0 |
| APM peak | 66 |
| eAPM avg | 24.0 |
| Villagers / military | 124 / 109 |
Focus
⚔️ 30.2% · 🌾 69.8%
Kamayuk ×89 · Fishing Ship ×27 · Trade Cart ×20 · Battering Ram ×13 · Archer ×5 · Unknown (2550) ×3
Feudal
9:04
Castle
21:44
Imperial
30:03
| APM avg | 57.3 |
| APM peak | 97 |
| eAPM avg | 31.4 |
| Villagers / military | 136 / 119 |
Focus
⚔️ 33.8% · 🌾 66.2%
Archer ×84 · Mangonel ×22 · Fishing Ship ×22 · Militia ×5 · Trade Cart ×5 · Trebuchet (Packed) ×5
Feudal
11:47
Castle
15:42
Imperial
31:42
| APM avg | 47.2 |
| APM peak | 84 |
| eAPM avg | 35.3 |
| Villagers / military | 207 / 3 |
Focus
⚔️ 23.6% · 🌾 76.4%
Fishing Ship ×9 · Mangonel ×2 · Battering Ram ×1
Feudal
12:11
Castle
15:53
Imperial
27:53
| APM avg | 50.3 |
| APM peak | 90 |
| eAPM avg | 25.3 |
| Villagers / military | 118 / 116 |
Focus
⚔️ 42.7% · 🌾 57.3%
Elephant Archer ×67 · Monk ×35 · Trebuchet (Packed) ×8 · Fishing Ship ×7 · Mangonel ×6
Feudal
11:30
Castle
15:00
Imperial
34:47
| APM avg | 61.4 |
| APM peak | 150 |
| eAPM avg | 34.7 |
| Villagers / military | 167 / 102 |
Focus
⚔️ 38.2% · 🌾 61.8%
Knight ×47 · Conquistador ×41 · Petard ×10 · Trebuchet (Packed) ×3 · Monk ×1
Feudal
14:01
Castle
18:36
Imperial
33:15
| APM avg | 42.3 |
| APM peak | 85 |
| eAPM avg | 26.7 |
| Villagers / military | 132 / 135 |
Focus
⚔️ 27.3% · 🌾 72.7%
Knight ×73 · Spearman ×49 · Fishing Ship ×26 · Bombard Cannon ×4 · Trebuchet (Packed) ×4 · Mangonel ×3
Match map
Initial resources + every placement click. Lines = walls · curves = elevation contours. ◆ gold · ⬟ stone · ● berries · ✦ relic · ◌ wall gap
Your base· ✓ Closed at 15:06 · 42t walls · 4 gate(s)
抖音ique's base· ✓ Closed at 21:02 · 37t walls · no gate
RoR | Vodka_L_'s base· ✓ Closed at 24:27 · 38t walls · 1 gate(s)
OS+ | Snake 青田龙's base· ✓ Closed at 21:44 · 10t walls · 2 gate(s)
展毅's base· ✓ Closed at 15:42 · 23t walls · no gate
01DarkDevil's base· ✓ Closed at 15:53 · 8t walls · 1 gate(s)
91痛大师's base· ✓ Closed at 15:00 · 25t walls · no gate
RoR | Loris's base· ✓ Closed at 18:36 · 40t walls · no gate
Smoothed initial terrain · ◌ = detected wall gap · hover for details
Inputs per minute
— Simvall - - 抖音ique
Build order — Simvall
First 150 of 530 actions detected
| 0:02 | Create | Villager (Male) |
| 0:02 | Create | Villager (Male) |
| 0:02 | Create | Villager (Male) |
| 0:03 | Create | Villager (Male) |
| 0:03 | Build | House |
| 0:05 | Build | House |
| 1:11 | Research | Loom |
| 1:17 | Create | Villager (Male) |
| 1:17 | Create | Villager (Male) |
| 1:23 | Build | Palisade Wall |
| 1:28 | Create | Villager (Male) |
| 1:28 | Create | Villager (Male) |
| 2:08 | Create | Villager (Male) |
| 2:08 | Create | Villager (Male) |
| 2:17 | Build | Palisade Wall |
| 2:52 | Create | Villager (Male) |
| 2:52 | Create | Villager (Male) |
| 3:12 | Create | Villager (Male) |
| 3:13 | Create | Villager (Male) |
| 3:13 | Create | Villager (Male) |
| 3:25 | Build | Lumber Camp |
| 3:26 | Create | Villager (Male) |
| 3:26 | Create | Villager (Male) |
| 3:26 | Create | Villager (Male) |
| 4:01 | Create | Villager (Male) |
| 4:01 | Create | Villager (Male) |
| 4:19 | Build | House |
| 4:32 | Create | Villager (Male) |
| 4:32 | Create | Villager (Male) |
| 5:00 | Create | Villager (Male) |
| 5:01 | Create | Villager (Male) |
| 5:25 | Create | Villager (Male) |
| 5:31 | Build | Palisade Gate |
| 5:34 | Build | Palisade Gate |
| 5:39 | Create | Villager (Male) |
| 5:39 | Create | Villager (Male) |
| 5:55 | Build | Palisade Gate |
| 6:03 | Build | Palisade Gate |
| 6:11 | Build | Palisade Wall |
| 6:15 | Build | Palisade Wall |
| 6:19 | Create | Villager (Male) |
| 6:19 | Create | Villager (Male) |
| 6:42 | Build | House |
| 6:43 | Build | House |
| 6:45 | Create | Villager (Male) |
| 6:59 | Create | Villager (Male) |
| 7:41 | Build | Mill |
| 7:44 | Create | Villager (Male) |
| 8:12 | Create | Villager (Male) |
| 8:43 | Create | Villager (Male) |
| 9:04 | Research | Feudal Age |
| 9:04 | Research | Feudal Age |
| 9:08 | Build | Mining Camp |
| 11:24 | Age | Feudal Age |
| 11:26 | Create | Villager (Male) |
| 11:27 | Create | Villager (Male) |
| 11:28 | Build | Market |
| 11:31 | Build | Blacksmith |
| 11:47 | Build | Stone Wall |
| 12:26 | Research | Castle Age |
| 12:26 | Research | Castle Age |
| 12:29 | Build | Lumber Camp |
| 12:46 | Research | Double-Bit Axe |
| 12:46 | Research | Double-Bit Axe |
| 12:46 | Research | Double-Bit Axe |
| 13:18 | Build | House |
| 13:18 | Build | House |
| 14:01 | Create | Villager (Male) |
| 14:01 | Create | Villager (Male) |
| 14:06 | Build | Outpost |
| 14:08 | Build | Stone Wall |
| 15:03 | Create | Villager (Male) |
| 15:06 | Age | Castle Age |
| 15:08 | Build | Town Center |
| 15:10 | Build | Town Center |
| 15:23 | Research | Horse Collar |
| 15:23 | Research | Horse Collar |
| 15:29 | Research | Bow Saw |
| 15:30 | Research | Bow Saw |
| 15:44 | Build | Farm |
| 15:56 | Build | Stone Wall |
| 15:59 | Create | Villager (Male) |
| 16:07 | Build | Farm |
| 16:23 | Create | Villager (Male) |
| 16:25 | Build | Farm |
| 16:29 | Build | Farm |
| 16:43 | Create | Villager (Male) |
| 16:43 | Create | Villager (Male) |
| 16:43 | Create | Villager (Male) |
| 16:47 | Create | Villager (Male) |
| 16:47 | Create | Villager (Male) |
| 16:52 | Build | Farm |
| 16:54 | Build | Farm |
| 17:10 | Create | Villager (Male) |
| 17:12 | Build | Farm |
| 17:15 | Build | Farm |
| 17:17 | Create | Villager (Male) |
| 17:22 | Build | Farm |
| 17:31 | Create | Villager (Male) |
| 17:32 | Create | Villager (Male) |
| 17:32 | Create | Villager (Male) |
| 17:58 | Create | Villager (Male) |
| 18:03 | Build | Town Center |
| 18:10 | Build | House |
| 18:14 | Build | Farm |
| 18:17 | Build | Farm |
| 18:19 | Build | Farm |
| 18:21 | Build | Farm |
| 18:23 | Build | Farm |
| 18:25 | Create | Villager (Male) |
| 18:25 | Create | Villager (Male) |
| 18:25 | Create | Villager (Male) |
| 18:31 | Create | Villager (Male) |
| 18:32 | Create | Villager (Male) |
| 18:32 | Create | Villager (Male) |
| 18:42 | Create | Villager (Male) |
| 18:42 | Create | Villager (Male) |
| 18:45 | Build | House |
| 18:47 | Build | Farm |
| 18:48 | Create | Villager (Male) |
| 18:48 | Create | Villager (Male) |
| 18:52 | Build | Farm |
| 18:53 | Build | Farm |
| 18:58 | Build | Farm |
| 18:58 | Build | Farm |
| 19:02 | Build | Farm |
| 19:03 | Create | Villager (Male) |
| 19:03 | Create | Villager (Male) |
| 19:03 | Create | Villager (Male) |
| 19:06 | Build | Farm |
| 19:11 | Create | Villager (Male) |
| 19:11 | Create | Villager (Male) |
| 19:11 | Create | Villager (Male) |
| 19:17 | Build | Farm |
| 19:18 | Create | Villager (Male) |
| 19:28 | Build | Farm |
| 19:31 | Build | House |
| 19:33 | Create | Villager (Male) |
| 19:37 | Build | Farm |
| 19:43 | Create | Villager (Male) |
| 19:43 | Create | Villager (Male) |
| 19:44 | Build | Farm |
| 19:46 | Build | Farm |
| 19:48 | Create | Villager (Male) |
| 19:48 | Create | Villager (Male) |
| 19:55 | Build | Farm |
| 19:57 | Create | Villager (Male) |
| 19:58 | Create | Villager (Male) |
| 20:08 | Create | Villager (Male) |
| 20:08 | Create | Villager (Male) |
Build order — 抖音ique
First 150 of 403 actions detected
| 0:01 | Create | Villager (Male) |
| 0:01 | Create | Villager (Male) |
| 0:02 | Build | House |
| 0:10 | Research | Loom |
| 0:11 | Research | Loom |
| 0:12 | Create | Villager (Male) |
| 0:12 | Create | Villager (Male) |
| 0:12 | Create | Villager (Male) |
| 0:46 | Build | Palisade Wall |
| 1:34 | Build | Palisade Wall |
| 2:14 | Build | Palisade Wall |
| 2:20 | Build | Mill |
| 3:14 | Build | House |
| 3:32 | Create | Villager (Male) |
| 3:43 | Build | Palisade Wall |
| 4:22 | Create | Villager (Male) |
| 4:31 | Build | Palisade Wall |
| 5:03 | Create | Villager (Male) |
| 5:28 | Create | Villager (Male) |
| 5:59 | Create | Villager (Male) |
| 6:22 | Create | Villager (Male) |
| 6:22 | Create | Villager (Male) |
| 6:30 | Build | Palisade Wall |
| 6:35 | Create | Villager (Male) |
| 7:07 | Create | Villager (Male) |
| 7:08 | Create | Villager (Male) |
| 7:28 | Create | Villager (Male) |
| 7:28 | Create | Villager (Male) |
| 7:32 | Build | Palisade Wall |
| 7:41 | Create | Villager (Male) |
| 7:44 | Build | House |
| 7:59 | Create | Villager (Male) |
| 8:08 | Create | Villager (Male) |
| 8:25 | Create | Villager (Male) |
| 8:31 | Build | House |
| 8:44 | Create | Villager (Male) |
| 9:00 | Create | Villager (Male) |
| 9:00 | Create | Villager (Male) |
| 9:26 | Create | Villager (Male) |
| 9:26 | Create | Villager (Male) |
| 9:40 | Create | Villager (Male) |
| 9:40 | Create | Villager (Male) |
| 9:43 | Create | Villager (Male) |
| 9:48 | Build | House |
| 9:55 | Create | Villager (Male) |
| 10:04 | Build | House |
| 10:10 | Create | Villager (Male) |
| 10:17 | Build | House |
| 10:43 | Build | Lumber Camp |
| 10:43 | Create | Villager (Male) |
| 10:54 | Create | Villager (Male) |
| 11:12 | Research | Feudal Age |
| 12:00 | Build | Mining Camp |
| 12:30 | Create | Villager (Male) |
| 13:05 | Build | Barracks |
| 13:10 | Build | House |
| 13:35 | Age | Feudal Age |
| 13:38 | Research | Double-Bit Axe |
| 13:38 | Research | Double-Bit Axe |
| 13:41 | Create | Villager (Male) |
| 13:56 | Create | Militia |
| 13:57 | Create | Militia |
| 13:58 | Create | Militia |
| 14:13 | Create | Villager (Male) |
| 14:28 | Build | Mill |
| 14:31 | Create | Villager (Male) |
| 14:52 | Research | Man-at-Arms (upgrade) |
| 14:52 | Research | Man-at-Arms (upgrade) |
| 15:04 | Create | Villager (Male) |
| 15:11 | Build | House |
| 15:25 | Research | Arson |
| 15:25 | Research | Arson |
| 15:27 | Create | Villager (Male) |
| 15:47 | Build | Farm |
| 15:50 | Build | Farm |
| 15:56 | Build | Farm |
| 15:57 | Build | Farm |
| 16:01 | Build | Farm |
| 16:07 | Build | Farm |
| 16:15 | Create | Villager (Male) |
| 16:32 | Build | Market |
| 16:37 | Create | Villager (Male) |
| 16:50 | Create | Villager (Male) |
| 17:08 | Build | House |
| 17:37 | Build | Blacksmith |
| 17:45 | Build | House |
| 17:52 | Create | Villager (Male) |
| 17:57 | Build | Farm |
| 18:22 | Research | Castle Age |
| 18:30 | Build | Farm |
| 19:21 | Build | Farm |
| 19:24 | Build | Farm |
| 19:56 | Create | Villager (Male) |
| 20:06 | Build | House |
| 20:18 | Create | Villager (Male) |
| 20:32 | Research | Horse Collar |
| 20:32 | Research | Horse Collar |
| 20:36 | Research | Gold Mining |
| 20:48 | Build | House |
| 21:02 | Age | Castle Age |
| 21:06 | Build | Siege Workshop |
| 21:08 | Research | Bow Saw |
| 21:09 | Research | Bow Saw |
| 21:19 | Build | Town Center |
| 21:21 | Create | Villager (Male) |
| 21:38 | Create | Villager (Male) |
| 21:44 | Research | Wheelbarrow |
| 21:45 | Research | Wheelbarrow |
| 21:47 | Create | Villager (Male) |
| 21:51 | Create | Armored Elephant |
| 21:51 | Create | Armored Elephant |
| 22:01 | Build | House |
| 22:07 | Create | Armored Elephant |
| 22:08 | Create | Villager (Male) |
| 22:38 | Create | Armored Elephant |
| 22:41 | Build | House |
| 22:51 | Create | Villager (Male) |
| 22:59 | Build | Farm |
| 23:00 | Build | Farm |
| 23:04 | Build | Town Center |
| 23:06 | Create | Villager (Male) |
| 23:25 | Create | Villager (Male) |
| 23:25 | Create | Villager (Male) |
| 23:31 | Build | Farm |
| 23:47 | Create | Villager (Male) |
| 23:53 | Create | Villager (Male) |
| 24:02 | Build | Monastery |
| 24:13 | Create | Villager (Male) |
| 24:15 | Create | Villager (Male) |
| 24:22 | Build | Farm |
| 24:23 | Create | Villager (Male) |
| 24:29 | Build | Farm |
| 24:29 | Build | Farm |
| 24:30 | Build | Farm |
| 24:30 | Build | Farm |
| 24:32 | Create | Villager (Male) |
| 24:40 | Build | Farm |
| 24:48 | Create | Villager (Male) |
| 25:08 | Research | Scale Barding Armor |
| 25:09 | Research | Scale Barding Armor |
| 25:22 | Create | Villager (Male) |
| 25:25 | Create | Monk |
| 25:26 | Create | Villager (Male) |
| 25:27 | Build | House |
| 25:34 | Create | Villager (Male) |
| 25:34 | Create | Villager (Male) |
| 25:35 | Create | Villager (Male) |
| 25:35 | Create | Villager (Male) |
| 25:48 | Create | Villager (Male) |
| 25:49 | Create | Villager (Male) |
Build order — RoR | Vodka_L_
First 150 of 420 actions detected
| 0:00 | Create | Villager (Male) |
| 0:02 | Build | House |
| 0:03 | Build | House |
| 0:16 | Create | Villager (Male) |
| 0:16 | Create | Villager (Male) |
| 1:01 | Create | Villager (Male) |
| 1:29 | Build | Settlement |
| 1:35 | Build | Settlement |
| 1:35 | Create | Villager (Male) |
| 2:00 | Create | Villager (Male) |
| 2:27 | Create | Villager (Male) |
| 2:48 | Create | Villager (Male) |
| 3:16 | Create | Villager (Male) |
| 3:46 | Create | Villager (Male) |
| 3:46 | Create | Villager (Male) |
| 4:04 | Create | Villager (Male) |
| 4:04 | Create | Villager (Male) |
| 4:11 | Build | Dock |
| 4:24 | Create | Villager (Male) |
| 4:24 | Create | Villager (Male) |
| 4:41 | Create | Villager (Male) |
| 4:42 | Create | Villager (Male) |
| 4:53 | Create | Fishing Ship |
| 4:53 | Create | Fishing Ship |
| 5:20 | Create | Villager (Male) |
| 5:34 | Create | Villager (Male) |
| 5:39 | Create | Fishing Ship |
| 5:39 | Create | Fishing Ship |
| 6:12 | Create | Villager (Male) |
| 6:43 | Create | Villager (Male) |
| 6:46 | Research | Loom |
| 7:13 | Build | Barracks |
| 7:31 | Research | Feudal Age |
| 8:06 | Create | Unit 2550 |
| 8:06 | Create | Unit 2550 |
| 8:14 | Build | House |
| 8:23 | Build | Settlement |
| 8:29 | Build | Settlement |
| 8:50 | Create | Unit 2550 |
| 9:43 | Age | Feudal Age |
| 9:46 | Create | Villager (Male) |
| 9:51 | Build | Archery Range |
| 10:08 | Build | Outpost |
| 10:10 | Build | Outpost |
| 10:13 | Create | Villager (Male) |
| 10:20 | Research | Tech 1402 |
| 10:33 | Create | Villager (Male) |
| 10:50 | Create | Archer |
| 11:00 | Create | Villager (Male) |
| 11:02 | Build | Settlement |
| 11:10 | Build | Palisade Wall |
| 11:12 | Build | Palisade Wall |
| 11:28 | Create | Villager (Male) |
| 11:50 | Create | Villager (Male) |
| 12:05 | Create | Fishing Ship |
| 12:10 | Build | Farm |
| 12:18 | Create | Archer |
| 12:28 | Create | Villager (Male) |
| 12:52 | Create | Skirmisher |
| 12:55 | Build | Blacksmith |
| 13:15 | Create | Villager (Male) |
| 13:36 | Create | Skirmisher |
| 13:46 | Build | Watch Tower |
| 13:59 | Research | Fletching |
| 14:01 | Create | Villager (Male) |
| 14:15 | Build | Farm |
| 14:24 | Create | Villager (Male) |
| 14:36 | Build | Stone Wall |
| 14:37 | Build | Stone Wall |
| 14:40 | Build | Stone Wall |
| 14:41 | Build | Stone Wall |
| 14:46 | Create | Archer |
| 14:46 | Create | Archer |
| 14:50 | Build | Farm |
| 14:50 | Create | Villager (Male) |
| 15:22 | Create | Villager (Male) |
| 15:27 | Create | Archer |
| 15:40 | Create | Villager (Male) |
| 15:42 | Build | Farm |
| 16:00 | Build | Stone Wall |
| 16:05 | Build | Stone Wall |
| 16:15 | Create | Villager (Male) |
| 16:17 | Create | Fishing Ship |
| 16:21 | Build | Fish Trap |
| 16:22 | Build | Fish Trap |
| 16:45 | Create | Villager (Male) |
| 17:04 | Build | Stone Wall |
| 17:06 | Build | Gate |
| 17:19 | Research | Wheelbarrow |
| 17:22 | Research | Double-Bit Axe |
| 17:41 | Build | Stone Wall |
| 17:44 | Build | Gate |
| 17:50 | Create | Fishing Ship |
| 17:51 | Build | Fish Trap |
| 17:52 | Create | Villager (Male) |
| 17:56 | Build | Fish Trap |
| 18:30 | Create | Fishing Ship |
| 18:35 | Build | Fish Trap |
| 18:49 | Create | Villager (Male) |
| 19:17 | Build | Fish Trap |
| 19:18 | Create | Fishing Ship |
| 19:25 | Create | Villager (Male) |
| 19:29 | Build | Settlement |
| 19:43 | Create | Villager (Male) |
| 19:58 | Research | Tech 906 |
| 20:09 | Build | Fish Trap |
| 20:15 | Create | Villager (Male) |
| 20:28 | Build | Market |
| 20:47 | Create | Villager (Male) |
| 20:58 | Create | Fishing Ship |
| 20:59 | Create | Villager (Male) |
| 21:08 | Build | Dock |
| 21:19 | Build | Outpost |
| 21:28 | Build | Settlement |
| 21:43 | Build | Fish Trap |
| 21:44 | Create | Fishing Ship |
| 21:47 | Research | Castle Age |
| 21:48 | Research | Castle Age |
| 22:25 | Create | Fishing Ship |
| 22:27 | Build | Dock |
| 22:30 | Create | Fishing Ship |
| 23:20 | Create | Villager (Male) |
| 23:24 | Create | Fishing Ship |
| 23:25 | Create | Fishing Ship |
| 23:26 | Build | Fish Trap |
| 23:29 | Build | Fish Trap |
| 23:31 | Build | Fish Trap |
| 23:32 | Create | Fishing Ship |
| 23:33 | Build | House |
| 23:58 | Create | Fishing Ship |
| 23:58 | Create | Fishing Ship |
| 24:00 | Create | Fishing Ship |
| 24:04 | Build | House |
| 24:12 | Build | Fish Trap |
| 24:23 | Build | Fish Trap |
| 24:27 | Age | Castle Age |
| 24:28 | Build | Fish Trap |
| 24:31 | Create | Villager (Male) |
| 24:52 | Research | Gillnets |
| 24:53 | Build | Fish Trap |
| 25:02 | Build | Fish Trap |
| 25:07 | Create | Villager (Male) |
| 25:19 | Build | Castle |
| 25:30 | Create | Fishing Ship |
| 25:31 | Create | Fishing Ship |
| 25:36 | Create | Villager (Male) |
| 25:51 | Build | Town Center |
| 25:53 | Create | Villager (Male) |
| 26:14 | Research | Bodkin Arrow |
| 26:20 | Build | Fish Trap |
Build order — OS+ | Snake 青田龙
First 150 of 483 actions detected
| 0:01 | Create | Villager (Male) |
| 0:01 | Create | Villager (Male) |
| 0:02 | Build | House |
| 0:03 | Create | Villager (Male) |
| 0:03 | Create | Villager (Male) |
| 0:04 | Build | House |
| 1:32 | Create | Villager (Male) |
| 2:03 | Create | Villager (Male) |
| 2:03 | Create | Villager (Male) |
| 2:14 | Build | Lumber Camp |
| 2:26 | Create | Villager (Male) |
| 2:43 | Create | Villager (Male) |
| 3:09 | Create | Villager (Male) |
| 3:10 | Create | Villager (Male) |
| 3:10 | Create | Villager (Male) |
| 3:27 | Create | Villager (Male) |
| 3:27 | Create | Villager (Male) |
| 3:51 | Build | House |
| 4:05 | Create | Villager (Male) |
| 4:15 | Create | Villager (Male) |
| 5:18 | Build | Mining Camp |
| 5:21 | Create | Villager (Male) |
| 5:22 | Create | Villager (Male) |
| 5:34 | Create | Villager (Male) |
| 6:05 | Build | House |
| 6:54 | Research | Feudal Age |
| 6:54 | Research | Feudal Age |
| 6:57 | Build | Barracks |
| 7:50 | Build | Palisade Wall |
| 7:53 | Create | Militia |
| 7:53 | Create | Militia |
| 7:57 | Create | Militia |
| 7:57 | Create | Militia |
| 8:13 | Build | House |
| 8:18 | Create | Militia |
| 8:45 | Build | House |
| 8:55 | Create | Villager (Male) |
| 9:04 | Age | Feudal Age |
| 9:09 | Research | Man-at-Arms (upgrade) |
| 9:16 | Research | Double-Bit Axe |
| 9:35 | Build | Archery Range |
| 9:43 | Create | Villager (Male) |
| 10:09 | Build | Palisade Wall |
| 10:16 | Build | Mill |
| 10:21 | Create | Villager (Male) |
| 10:33 | Build | Dock |
| 10:44 | Create | Villager (Male) |
| 10:45 | Build | Palisade Wall |
| 10:46 | Create | Archer |
| 11:12 | Research | Loom |
| 11:12 | Research | Loom |
| 11:22 | Build | Blacksmith |
| 11:24 | Create | Villager (Male) |
| 11:28 | Create | Fishing Ship |
| 11:51 | Build | House |
| 11:54 | Create | Villager (Male) |
| 12:03 | Create | Fishing Ship |
| 12:04 | Create | Villager (Male) |
| 12:05 | Create | Villager (Male) |
| 12:07 | Build | House |
| 12:28 | Create | Fishing Ship |
| 12:38 | Create | Archer |
| 12:40 | Build | House |
| 12:41 | Build | Palisade Wall |
| 12:45 | Create | Villager (Male) |
| 12:54 | Create | Archer |
| 12:58 | Build | Palisade Gate |
| 13:04 | Create | Villager (Male) |
| 13:05 | Create | Villager (Male) |
| 13:19 | Build | House |
| 13:21 | Create | Villager (Male) |
| 13:33 | Research | Fletching |
| 13:33 | Create | Villager (Male) |
| 13:39 | Create | Archer |
| 13:58 | Create | Fishing Ship |
| 14:06 | Create | Villager (Male) |
| 14:08 | Build | Mill |
| 14:16 | Create | Archer |
| 14:21 | Create | Villager (Male) |
| 14:26 | Create | Fishing Ship |
| 14:34 | Create | Villager (Male) |
| 14:45 | Build | Gate |
| 14:48 | Create | Archer |
| 14:55 | Research | Horse Collar |
| 14:59 | Create | Archer |
| 15:04 | Create | Villager (Male) |
| 15:38 | Create | Villager (Male) |
| 15:39 | Build | Farm |
| 15:40 | Build | Farm |
| 15:51 | Build | Palisade Wall |
| 15:52 | Build | Palisade Wall |
| 15:56 | Create | Archer |
| 15:57 | Create | Villager (Male) |
| 16:02 | Build | Farm |
| 16:07 | Create | Fishing Ship |
| 16:09 | Create | Villager (Male) |
| 16:18 | Create | Archer |
| 16:21 | Create | Villager (Male) |
| 16:23 | Create | Fishing Ship |
| 16:26 | Create | Villager (Male) |
| 16:30 | Build | Lumber Camp |
| 17:10 | Build | Fish Trap |
| 17:12 | Create | Villager (Male) |
| 17:34 | Build | Farm |
| 17:35 | Create | Villager (Male) |
| 17:39 | Build | Fish Trap |
| 17:46 | Build | House |
| 18:20 | Build | Market |
| 18:35 | Create | Archer |
| 18:36 | Create | Archer |
| 19:03 | Build | Fish Trap |
| 19:04 | Research | Castle Age |
| 19:05 | Research | Castle Age |
| 19:11 | Build | Fish Trap |
| 19:17 | Build | Fish Trap |
| 19:23 | Build | House |
| 19:42 | Build | Fish Trap |
| 19:42 | Create | Fishing Ship |
| 19:47 | Build | House |
| 19:49 | Create | Archer |
| 20:15 | Build | Dock |
| 20:21 | Create | Archer |
| 20:22 | Create | Archer |
| 20:42 | Build | Outpost |
| 20:58 | Build | Fish Trap |
| 21:02 | Build | House |
| 21:04 | Create | Fishing Ship |
| 21:08 | Build | Fish Trap |
| 21:14 | Build | House |
| 21:18 | Create | Villager (Male) |
| 21:25 | Create | Villager (Male) |
| 21:29 | Research | Gold Mining |
| 21:32 | Create | Villager (Male) |
| 21:44 | Age | Castle Age |
| 21:47 | Build | Siege Workshop |
| 21:51 | Research | Tech 906 |
| 22:00 | Research | Bow Saw |
| 22:07 | Build | House |
| 22:11 | Build | House |
| 22:11 | Build | House |
| 22:17 | Research | Crossbowman (upgrade) |
| 22:17 | Research | Crossbowman (upgrade) |
| 22:25 | Build | House |
| 22:27 | Create | Mangonel |
| 22:28 | Create | Villager (Male) |
| 22:36 | Build | Fish Trap |
| 22:43 | Research | Bodkin Arrow |
| 22:46 | Create | Villager (Male) |
| 22:53 | Build | House |
| 23:15 | Create | Mangonel |
Build order — 展毅
First 150 of 464 actions detected
| 0:00 | Create | Villager (Male) |
| 0:00 | Create | Villager (Male) |
| 0:02 | Build | House |
| 0:03 | Build | House |
| 0:06 | Create | Villager (Male) |
| 0:06 | Create | Villager (Male) |
| 0:30 | Research | Loom |
| 0:31 | Research | Loom |
| 0:31 | Create | Villager (Male) |
| 0:31 | Create | Villager (Male) |
| 0:31 | Create | Villager (Male) |
| 0:41 | Build | Palisade Wall |
| 1:54 | Create | Villager (Male) |
| 1:54 | Create | Villager (Male) |
| 2:14 | Build | House |
| 2:31 | Create | Villager (Male) |
| 2:32 | Create | Villager (Male) |
| 2:52 | Create | Villager (Male) |
| 2:53 | Create | Villager (Male) |
| 3:14 | Create | Villager (Male) |
| 3:14 | Create | Villager (Male) |
| 3:14 | Create | Villager (Male) |
| 3:36 | Build | Lumber Camp |
| 3:39 | Create | Villager (Male) |
| 3:39 | Create | Villager (Male) |
| 3:39 | Create | Villager (Male) |
| 3:39 | Create | Villager (Male) |
| 3:47 | Build | House |
| 3:54 | Build | House |
| 3:56 | Build | House |
| 3:59 | Create | Villager (Male) |
| 3:59 | Create | Villager (Male) |
| 4:21 | Create | Villager (Male) |
| 4:21 | Create | Villager (Male) |
| 4:56 | Build | Palisade Wall |
| 5:01 | Build | Palisade Wall |
| 5:04 | Create | Villager (Male) |
| 5:04 | Create | Villager (Male) |
| 5:04 | Create | Villager (Male) |
| 5:40 | Build | Palisade Wall |
| 5:42 | Build | Palisade Wall |
| 5:49 | Build | Palisade Wall |
| 5:51 | Build | Palisade Wall |
| 5:56 | Build | Palisade Wall |
| 6:06 | Create | Villager (Male) |
| 6:06 | Create | Villager (Male) |
| 6:06 | Create | Villager (Male) |
| 6:10 | Create | Villager (Male) |
| 6:10 | Create | Villager (Male) |
| 6:10 | Create | Villager (Male) |
| 6:12 | Build | House |
| 6:58 | Build | Dock |
| 7:02 | Create | Villager (Male) |
| 7:50 | Create | Fishing Ship |
| 8:05 | Build | House |
| 8:32 | Build | Mining Camp |
| 8:45 | Create | Villager (Male) |
| 8:55 | Create | Fishing Ship |
| 9:00 | Create | Villager (Male) |
| 9:33 | Research | Feudal Age |
| 9:45 | Build | Mill |
| 10:15 | Build | House |
| 11:42 | Create | Villager (Male) |
| 11:42 | Create | Villager (Male) |
| 11:47 | Age | Feudal Age |
| 11:50 | Build | Market |
| 12:19 | Build | Blacksmith |
| 12:31 | Create | Villager (Male) |
| 12:55 | Research | Castle Age |
| 13:13 | Research | Double-Bit Axe |
| 13:13 | Research | Double-Bit Axe |
| 13:15 | Create | Fishing Ship |
| 14:04 | Build | House |
| 14:22 | Create | Villager (Male) |
| 15:00 | Build | Palisade Wall |
| 15:27 | Build | House |
| 15:34 | Build | House |
| 15:42 | Age | Castle Age |
| 15:43 | Build | Siege Workshop |
| 15:52 | Build | Town Center |
| 15:54 | Create | Villager (Male) |
| 16:03 | Build | Dock |
| 16:16 | Create | Mangonel |
| 16:25 | Create | Villager (Male) |
| 16:27 | Build | Town Center |
| 16:36 | Create | Villager (Male) |
| 16:40 | Create | Fishing Ship |
| 16:55 | Create | Villager (Male) |
| 16:55 | Create | Villager (Male) |
| 17:08 | Create | Villager (Male) |
| 17:08 | Create | Villager (Male) |
| 17:13 | Create | Villager (Male) |
| 17:14 | Create | Villager (Male) |
| 17:14 | Create | Villager (Male) |
| 17:17 | Build | Fish Trap |
| 17:29 | Build | Fish Trap |
| 17:40 | Create | Villager (Male) |
| 17:41 | Create | Villager (Male) |
| 17:41 | Create | Villager (Male) |
| 17:44 | Build | Fish Trap |
| 17:54 | Build | Fish Trap |
| 18:11 | Build | House |
| 18:12 | Build | House |
| 18:13 | Create | Villager (Male) |
| 18:14 | Create | Villager (Male) |
| 18:14 | Create | Villager (Male) |
| 18:14 | Create | Villager (Male) |
| 18:14 | Create | Villager (Male) |
| 18:14 | Create | Villager (Male) |
| 18:21 | Build | House |
| 18:28 | Create | Villager (Male) |
| 18:29 | Create | Villager (Male) |
| 18:29 | Create | Villager (Male) |
| 18:36 | Create | Fishing Ship |
| 18:36 | Create | Fishing Ship |
| 18:39 | Create | Villager (Male) |
| 18:51 | Build | House |
| 18:53 | Create | Mangonel |
| 19:01 | Create | Fishing Ship |
| 19:07 | Create | Villager (Male) |
| 19:07 | Create | Villager (Male) |
| 19:10 | Build | Farm |
| 19:10 | Build | Farm |
| 19:14 | Create | Villager (Male) |
| 19:25 | Create | Fishing Ship |
| 19:41 | Build | Stone Wall |
| 19:46 | Create | Villager (Male) |
| 19:46 | Create | Villager (Male) |
| 19:46 | Create | Villager (Male) |
| 19:59 | Create | Battering Ram |
| 20:03 | Create | Villager (Male) |
| 20:03 | Create | Villager (Male) |
| 20:03 | Create | Villager (Male) |
| 20:07 | Create | Fishing Ship |
| 20:09 | Build | Fish Trap |
| 20:12 | Build | Farm |
| 20:13 | Build | Farm |
| 20:15 | Create | Villager (Male) |
| 20:21 | Build | Farm |
| 20:21 | Build | Farm |
| 20:23 | Create | Villager (Male) |
| 20:24 | Create | Villager (Male) |
| 20:35 | Build | Farm |
| 20:35 | Build | Farm |
| 20:35 | Build | Farm |
| 20:44 | Create | Villager (Male) |
| 20:44 | Create | Villager (Male) |
| 20:47 | Create | Villager (Male) |
| 20:47 | Create | Villager (Male) |
| 20:59 | Create | Villager (Male) |
Build order — 01DarkDevil
First 150 of 390 actions detected
| 0:00 | Create | Villager (Male) |
| 0:00 | Create | Villager (Male) |
| 0:01 | Create | Villager (Male) |
| 0:01 | Create | Villager (Male) |
| 0:01 | Create | Villager (Male) |
| 0:02 | Build | House |
| 0:03 | Build | House |
| 1:25 | Create | Villager (Male) |
| 1:25 | Create | Villager (Male) |
| 2:02 | Create | Villager (Male) |
| 2:06 | Build | Lumber Camp |
| 2:13 | Create | Villager (Male) |
| 2:14 | Create | Villager (Male) |
| 2:50 | Create | Villager (Male) |
| 3:10 | Create | Villager (Male) |
| 3:25 | Build | House |
| 3:35 | Create | Villager (Male) |
| 3:51 | Create | Villager (Male) |
| 4:25 | Create | Villager (Male) |
| 4:50 | Build | Dock |
| 4:57 | Create | Villager (Male) |
| 5:07 | Build | House |
| 5:17 | Create | Villager (Male) |
| 5:40 | Create | Villager (Male) |
| 5:47 | Create | Fishing Ship |
| 6:08 | Create | Villager (Male) |
| 6:08 | Create | Villager (Male) |
| 6:16 | Create | Villager (Male) |
| 6:23 | Create | Fishing Ship |
| 6:38 | Build | House |
| 6:49 | Create | Villager (Male) |
| 6:57 | Research | Loom |
| 7:13 | Create | Fishing Ship |
| 7:21 | Create | Villager (Male) |
| 7:21 | Create | Villager (Male) |
| 7:58 | Create | Fishing Ship |
| 8:12 | Create | Villager (Male) |
| 8:20 | Build | House |
| 8:22 | Create | Villager (Male) |
| 8:49 | Build | Lumber Camp |
| 9:05 | Create | Villager (Male) |
| 9:12 | Create | Fishing Ship |
| 9:36 | Create | Villager (Male) |
| 10:00 | Research | Feudal Age |
| 10:15 | Build | Mill |
| 10:22 | Build | Mining Camp |
| 10:41 | Create | Fishing Ship |
| 10:51 | Build | House |
| 11:26 | Build | Palisade Wall |
| 11:33 | Create | Villager (Male) |
| 11:33 | Create | Villager (Male) |
| 12:01 | Build | Palisade Wall |
| 12:11 | Age | Feudal Age |
| 12:17 | Build | Market |
| 12:19 | Build | Blacksmith |
| 12:37 | Research | Double-Bit Axe |
| 13:13 | Research | Castle Age |
| 13:29 | Build | Fish Trap |
| 13:34 | Build | Fish Trap |
| 13:35 | Create | Fishing Ship |
| 13:42 | Build | Fish Trap |
| 13:55 | Build | House |
| 14:04 | Build | Fish Trap |
| 14:09 | Build | Fish Trap |
| 14:21 | Build | Fish Trap |
| 14:30 | Build | Fish Trap |
| 14:41 | Create | Villager (Male) |
| 14:41 | Create | Villager (Male) |
| 14:55 | Build | Palisade Gate |
| 15:26 | Build | House |
| 15:26 | Build | House |
| 15:34 | Research | Tech 906 |
| 15:53 | Age | Castle Age |
| 16:07 | Build | Siege Workshop |
| 16:10 | Build | Monastery |
| 16:13 | Create | Villager (Male) |
| 16:34 | Build | Town Center |
| 16:44 | Research | Gold Mining |
| 16:45 | Create | Mangonel |
| 16:56 | Create | Monk |
| 17:07 | Build | Monastery |
| 17:11 | Create | Villager (Male) |
| 17:34 | Create | Monk |
| 17:36 | Build | House |
| 17:37 | Build | House |
| 17:37 | Create | Villager (Male) |
| 17:54 | Create | Villager (Male) |
| 17:55 | Create | Villager (Male) |
| 18:09 | Build | Mining Camp |
| 18:11 | Create | Villager (Male) |
| 18:12 | Create | Villager (Male) |
| 18:15 | Build | Farm |
| 18:15 | Create | Mangonel |
| 18:46 | Create | Mangonel |
| 18:51 | Create | Villager (Male) |
| 18:51 | Create | Villager (Male) |
| 19:03 | Create | Villager (Male) |
| 19:05 | Build | Farm |
| 19:06 | Build | Farm |
| 19:20 | Research | Redemption |
| 19:23 | Create | Villager (Male) |
| 19:25 | Create | Villager (Male) |
| 19:28 | Build | Farm |
| 19:30 | Build | Farm |
| 19:35 | Research | Horse Collar |
| 19:45 | Create | Monk |
| 19:56 | Create | Monk |
| 19:57 | Create | Villager (Male) |
| 20:17 | Create | Villager (Male) |
| 20:20 | Create | Monk |
| 20:26 | Create | Villager (Male) |
| 20:59 | Create | Villager (Male) |
| 21:00 | Create | Villager (Male) |
| 21:02 | Research | Sanctity |
| 21:05 | Create | Monk |
| 21:24 | Create | Villager (Male) |
| 21:24 | Create | Villager (Male) |
| 21:29 | Create | Monk |
| 21:29 | Create | Monk |
| 21:30 | Create | Mangonel |
| 21:35 | Create | Villager (Male) |
| 21:35 | Create | Villager (Male) |
| 21:37 | Build | Town Center |
| 21:41 | Research | Bow Saw |
| 21:41 | Research | Bow Saw |
| 21:49 | Create | Monk |
| 21:52 | Create | Villager (Male) |
| 21:53 | Create | Villager (Male) |
| 21:54 | Build | House |
| 21:56 | Build | House |
| 22:00 | Research | Wheelbarrow |
| 22:02 | Research | Town Watch |
| 22:02 | Create | Villager (Male) |
| 22:35 | Create | Monk |
| 22:39 | Build | House |
| 22:39 | Build | House |
| 23:24 | Create | Villager (Male) |
| 23:24 | Create | Villager (Male) |
| 23:24 | Create | Villager (Male) |
| 23:43 | Create | Mangonel |
| 23:45 | Create | Villager (Male) |
| 23:48 | Build | Farm |
| 23:48 | Build | Farm |
| 23:49 | Build | Farm |
| 23:50 | Build | Farm |
| 23:51 | Build | Farm |
| 23:55 | Create | Villager (Male) |
| 23:58 | Build | Mining Camp |
| 24:15 | Create | Villager (Male) |
| 24:43 | Research | Imperial Age |
Build order — 91痛大师
First 150 of 462 actions detected
| 0:00 | Create | Villager (Male) |
| 0:00 | Create | Villager (Male) |
| 0:01 | Create | Villager (Male) |
| 0:02 | Build | House |
| 0:03 | Build | House |
| 0:18 | Create | Villager (Male) |
| 1:31 | Create | Villager (Male) |
| 2:05 | Build | Lumber Camp |
| 2:09 | Create | Villager (Male) |
| 2:33 | Create | Villager (Male) |
| 3:01 | Create | Villager (Male) |
| 3:01 | Create | Villager (Male) |
| 3:41 | Create | Villager (Male) |
| 3:41 | Create | Villager (Male) |
| 3:56 | Create | Villager (Male) |
| 3:56 | Create | Villager (Male) |
| 4:18 | Build | House |
| 4:20 | Build | House |
| 4:28 | Create | Villager (Male) |
| 4:28 | Create | Villager (Male) |
| 4:38 | Build | House |
| 4:40 | Build | Mill |
| 4:43 | Create | Villager (Male) |
| 4:44 | Create | Villager (Male) |
| 4:59 | Create | Villager (Male) |
| 5:00 | Create | Villager (Male) |
| 5:22 | Build | Palisade Wall |
| 5:23 | Build | Palisade Wall |
| 5:39 | Build | Palisade Wall |
| 5:40 | Build | Palisade Wall |
| 5:42 | Build | Palisade Wall |
| 5:45 | Build | Palisade Wall |
| 5:49 | Build | Palisade Wall |
| 5:52 | Create | Villager (Male) |
| 5:52 | Create | Villager (Male) |
| 5:54 | Build | Palisade Wall |
| 5:56 | Build | Palisade Wall |
| 5:59 | Build | Palisade Wall |
| 6:04 | Build | Palisade Wall |
| 6:06 | Build | Palisade Wall |
| 6:12 | Build | Palisade Wall |
| 6:14 | Build | Palisade Wall |
| 6:16 | Build | Palisade Wall |
| 6:17 | Build | Palisade Wall |
| 6:21 | Build | Palisade Wall |
| 6:24 | Build | Palisade Wall |
| 6:26 | Build | Palisade Wall |
| 6:38 | Create | Villager (Male) |
| 6:39 | Create | Villager (Male) |
| 6:49 | Build | Palisade Wall |
| 7:12 | Build | House |
| 7:33 | Build | Palisade Wall |
| 7:40 | Create | Villager (Male) |
| 7:40 | Create | Villager (Male) |
| 7:44 | Build | Palisade Wall |
| 7:46 | Build | Palisade Wall |
| 8:00 | Create | Villager (Male) |
| 8:25 | Create | Villager (Male) |
| 8:38 | Build | Mining Camp |
| 8:53 | Create | Villager (Male) |
| 9:12 | Research | Feudal Age |
| 9:13 | Build | Mining Camp |
| 10:29 | Create | Villager (Male) |
| 10:29 | Create | Villager (Male) |
| 11:30 | Age | Feudal Age |
| 11:31 | Build | Market |
| 11:33 | Build | Blacksmith |
| 11:41 | Build | Palisade Wall |
| 11:47 | Research | Horse Collar |
| 11:48 | Research | Double-Bit Axe |
| 12:12 | Research | Castle Age |
| 12:12 | Research | Castle Age |
| 12:37 | Research | Double-Bit Axe |
| 12:57 | Build | Farm |
| 13:00 | Build | Farm |
| 13:11 | Create | Villager (Male) |
| 13:12 | Create | Villager (Male) |
| 14:27 | Research | Town Watch |
| 15:00 | Age | Castle Age |
| 15:15 | Create | Villager (Male) |
| 15:24 | Build | Castle |
| 15:31 | Research | Bow Saw |
| 15:31 | Research | Bow Saw |
| 15:46 | Create | Villager (Male) |
| 15:50 | Build | Farm |
| 15:51 | Build | Farm |
| 15:52 | Build | Farm |
| 15:53 | Build | Farm |
| 15:53 | Build | Farm |
| 15:54 | Build | Farm |
| 15:55 | Build | Farm |
| 16:16 | Create | Villager (Male) |
| 16:34 | Create | Villager (Male) |
| 16:40 | Build | Outpost |
| 16:41 | Create | Conquistador |
| 16:41 | Create | Conquistador |
| 16:43 | Create | Villager (Male) |
| 16:56 | Build | Farm |
| 16:59 | Build | Farm |
| 17:00 | Create | Villager (Male) |
| 17:07 | Build | Lumber Camp |
| 17:20 | Create | Conquistador |
| 17:20 | Create | Conquistador |
| 17:39 | Build | Farm |
| 17:41 | Build | Farm |
| 17:42 | Create | Conquistador |
| 17:43 | Create | Conquistador |
| 18:04 | Create | Conquistador |
| 18:05 | Create | Conquistador |
| 18:08 | Build | Farm |
| 18:11 | Create | Villager (Male) |
| 18:11 | Create | Villager (Male) |
| 18:16 | Create | Villager (Male) |
| 18:32 | Create | Villager (Male) |
| 18:32 | Create | Villager (Male) |
| 18:38 | Build | Barracks |
| 18:43 | Create | Conquistador |
| 18:43 | Create | Conquistador |
| 18:43 | Create | Conquistador |
| 18:44 | Create | Conquistador |
| 18:48 | Create | Petard |
| 18:48 | Create | Petard |
| 18:49 | Create | Petard |
| 19:01 | Build | Farm |
| 19:09 | Create | Villager (Male) |
| 19:17 | Build | Stable |
| 19:25 | Create | Conquistador |
| 19:26 | Create | Conquistador |
| 19:30 | Create | Petard |
| 19:30 | Create | Petard |
| 19:31 | Create | Petard |
| 19:32 | Create | Petard |
| 19:41 | Create | Villager (Male) |
| 19:42 | Create | Villager (Male) |
| 19:46 | Build | Farm |
| 19:50 | Build | Farm |
| 19:53 | Build | Farm |
| 20:04 | Create | Petard |
| 20:04 | Create | Petard |
| 20:16 | Build | Farm |
| 20:17 | Create | Villager (Male) |
| 20:20 | Build | House |
| 20:22 | Create | Conquistador |
| 20:22 | Create | Conquistador |
| 20:27 | Create | Petard |
| 20:34 | Build | Farm |
| 20:37 | Create | Villager (Male) |
| 20:37 | Create | Villager (Male) |
| 20:45 | Research | Bloodlines |
| 20:45 | Research | Bloodlines |
Build order — RoR | Loris
First 150 of 523 actions detected
| 0:00 | Create | Villager (Male) |
| 0:01 | Create | Villager (Male) |
| 0:01 | Create | Villager (Male) |
| 0:01 | Create | Villager (Male) |
| 0:02 | Create | Villager (Male) |
| 0:03 | Build | House |
| 0:05 | Build | House |
| 0:28 | Research | Loom |
| 0:30 | Create | Villager (Male) |
| 0:47 | Create | Villager (Male) |
| 1:39 | Create | Villager (Male) |
| 2:41 | Create | Villager (Male) |
| 3:25 | Create | Villager (Male) |
| 3:52 | Create | Villager (Male) |
| 4:34 | Create | Villager (Male) |
| 4:43 | Build | Lumber Camp |
| 4:58 | Create | Villager (Male) |
| 5:29 | Build | House |
| 5:36 | Build | Palisade Wall |
| 5:40 | Create | Villager (Male) |
| 6:02 | Create | Villager (Male) |
| 6:51 | Create | Villager (Male) |
| 6:52 | Create | Villager (Male) |
| 6:55 | Build | House |
| 6:56 | Create | Villager (Male) |
| 7:18 | Build | Palisade Wall |
| 7:22 | Build | Palisade Wall |
| 7:24 | Build | Palisade Wall |
| 7:35 | Create | Villager (Male) |
| 7:44 | Build | Palisade Wall |
| 7:57 | Create | Villager (Male) |
| 8:18 | Create | Villager (Male) |
| 8:33 | Create | Villager (Male) |
| 8:59 | Create | Villager (Male) |
| 9:06 | Create | Villager (Male) |
| 9:14 | Create | Villager (Male) |
| 9:23 | Build | House |
| 9:48 | Create | Villager (Male) |
| 9:50 | Build | House |
| 10:35 | Build | Dock |
| 10:44 | Create | Villager (Male) |
| 11:29 | Create | Fishing Ship |
| 11:29 | Create | Fishing Ship |
| 11:50 | Research | Feudal Age |
| 12:02 | Build | Mining Camp |
| 12:25 | Create | Fishing Ship |
| 12:26 | Create | Fishing Ship |
| 12:57 | Build | Mill |
| 13:01 | Build | Mill |
| 13:51 | Create | Villager (Male) |
| 13:52 | Create | Villager (Male) |
| 14:01 | Age | Feudal Age |
| 14:06 | Build | Market |
| 14:14 | Build | Stone Wall |
| 14:16 | Build | Outpost |
| 14:25 | Create | Villager (Male) |
| 14:43 | Build | Blacksmith |
| 14:52 | Create | Fishing Ship |
| 15:38 | Build | Lumber Camp |
| 15:50 | Build | Stone Wall |
| 15:56 | Research | Castle Age |
| 16:28 | Create | Fishing Ship |
| 16:28 | Create | Fishing Ship |
| 16:37 | Build | Stone Wall |
| 16:57 | Research | Tech 906 |
| 17:03 | Research | Double-Bit Axe |
| 17:12 | Build | House |
| 17:14 | Build | House |
| 17:26 | Build | Fish Trap |
| 17:28 | Build | Fish Trap |
| 17:30 | Research | Bow Saw |
| 18:06 | Build | House |
| 18:18 | Create | Villager (Male) |
| 18:36 | Age | Castle Age |
| 18:45 | Build | Town Center |
| 18:52 | Create | Villager (Male) |
| 19:06 | Create | Villager (Male) |
| 19:11 | Create | Villager (Male) |
| 19:14 | Build | Town Center |
| 19:21 | Create | Fishing Ship |
| 19:26 | Create | Villager (Male) |
| 19:41 | Build | Monastery |
| 19:52 | Create | Fishing Ship |
| 20:07 | Build | Fish Trap |
| 20:12 | Create | Villager (Male) |
| 20:16 | Build | Fish Trap |
| 20:18 | Create | Villager (Male) |
| 20:35 | Build | House |
| 20:35 | Build | House |
| 20:38 | Create | Villager (Male) |
| 20:41 | Create | Fishing Ship |
| 20:44 | Build | Fish Trap |
| 20:47 | Research | Gillnets |
| 20:53 | Create | Villager (Male) |
| 21:05 | Create | Monk |
| 21:09 | Create | Villager (Male) |
| 21:24 | Create | Villager (Male) |
| 21:27 | Build | Fish Trap |
| 21:46 | Build | Dock |
| 22:03 | Build | Dock |
| 22:06 | Build | Dock |
| 22:11 | Build | House |
| 22:12 | Create | Monk |
| 22:16 | Create | Villager (Male) |
| 22:16 | Create | Villager (Male) |
| 22:17 | Create | Villager (Male) |
| 22:21 | Create | Fishing Ship |
| 22:22 | Create | Fishing Ship |
| 22:30 | Build | Lumber Camp |
| 22:44 | Create | Villager (Male) |
| 22:45 | Create | Villager (Male) |
| 22:53 | Build | Stone Wall |
| 23:00 | Build | Farm |
| 23:00 | Build | Farm |
| 23:01 | Build | Farm |
| 23:01 | Build | Farm |
| 23:01 | Build | Farm |
| 23:02 | Build | Farm |
| 23:02 | Build | Farm |
| 23:02 | Build | Farm |
| 23:02 | Build | Farm |
| 23:08 | Create | Villager (Male) |
| 23:12 | Create | Fishing Ship |
| 23:12 | Create | Fishing Ship |
| 23:13 | Create | Fishing Ship |
| 23:14 | Build | House |
| 23:14 | Build | House |
| 23:20 | Build | House |
| 23:25 | Build | Fish Trap |
| 23:26 | Build | Fish Trap |
| 23:29 | Build | Fish Trap |
| 23:30 | Create | Villager (Male) |
| 23:34 | Build | Stone Wall |
| 23:43 | Create | Villager (Male) |
| 23:47 | Create | Villager (Male) |
| 23:49 | Create | Fishing Ship |
| 23:49 | Create | Fishing Ship |
| 24:03 | Build | University |
| 24:06 | Create | Fishing Ship |
| 24:06 | Create | Fishing Ship |
| 24:07 | Create | Fishing Ship |
| 24:12 | Build | Fish Trap |
| 24:15 | Create | Villager (Male) |
| 24:16 | Create | Villager (Male) |
| 24:16 | Create | Villager (Male) |
| 24:16 | Create | Villager (Male) |
| 24:24 | Build | Stone Wall |
| 24:34 | Create | Villager (Male) |
| 24:42 | Create | Villager (Male) |
| 24:44 | Create | Villager (Male) |
Match timeline
| 0:41 | 展毅 · wall_segment Palisade Wall x9 |
| 0:46 | 抖音ique · wall_segment Palisade Wall x8 |
| 1:23 | Simvall · wall_segment Palisade Wall x12 |
| 1:34 | 抖音ique · wall_segment Palisade Wall x7 |
| 2:14 | 抖音ique · wall_segment Palisade Wall x7 |
| 2:17 | Simvall · wall_segment Palisade Wall x10 |
| 3:43 | 抖音ique · wall_segment Palisade Wall x1 |
| 4:11 | RoR | Vodka_L_ · first_building Dock |
| 4:31 | 抖音ique · wall_segment Palisade Wall x1 |
| 4:50 | 01DarkDevil · first_building Dock |
| 4:56 | 展毅 · wall_segment Palisade Wall x1 |
| 5:01 | 展毅 · wall_segment Palisade Wall x8 |
| 5:22 | 91痛大师 · wall_segment Palisade Wall x1 |
| 5:23 | 91痛大师 · wall_segment Palisade Wall x1 |
| 5:36 | RoR | Loris · wall_segment Palisade Wall x7 |
| 5:39 | 91痛大师 · wall_segment Palisade Wall x1 |
| 5:40 | 91痛大师 · wall_segment Palisade Wall x1 |
| 5:40 | 展毅 · wall_segment Palisade Wall x1 |
| 5:42 | 91痛大师 · wall_segment Palisade Wall x1 |
| 5:42 | 展毅 · wall_segment Palisade Wall x1 |
| 5:45 | 91痛大师 · wall_segment Palisade Wall x1 |
| 5:49 | 展毅 · wall_segment Palisade Wall x1 |
| 5:49 | 91痛大师 · wall_segment Palisade Wall x1 |
| 5:51 | 展毅 · wall_segment Palisade Wall x1 |
| 5:54 | 91痛大师 · wall_segment Palisade Wall x1 |
| 5:56 | 展毅 · wall_segment Palisade Wall x1 |
| 5:56 | 91痛大师 · wall_segment Palisade Wall x1 |
| 5:59 | 91痛大师 · wall_segment Palisade Wall x1 |
| 6:04 | 91痛大师 · wall_segment Palisade Wall x1 |
| 6:06 | 91痛大师 · wall_segment Palisade Wall x1 |
| 6:11 | Simvall · wall_segment Palisade Wall x1 |
| 6:12 | 91痛大师 · wall_segment Palisade Wall x2 |
| 6:14 | 91痛大师 · wall_segment Palisade Wall x1 |
| 6:15 | Simvall · wall_segment Palisade Wall x1 |
| 6:16 | 91痛大师 · wall_segment Palisade Wall x1 |
| 6:17 | 91痛大师 · wall_segment Palisade Wall x1 |
| 6:21 | 91痛大师 · wall_segment Palisade Wall x1 |
| 6:24 | 91痛大师 · wall_segment Palisade Wall x1 |
| 6:26 | 91痛大师 · wall_segment Palisade Wall x1 |
| 6:30 | 抖音ique · wall_segment Palisade Wall x9 |
| 6:49 | 91痛大师 · wall_segment Palisade Wall x1 |
| 6:57 | OS+ | Snake 青田龙 · first_building Barracks |
| 6:58 | 展毅 · first_building Dock |
| 7:13 | RoR | Vodka_L_ · first_building Barracks |
| 7:18 | RoR | Loris · wall_segment Palisade Wall x9 |
| 7:22 | RoR | Loris · wall_segment Palisade Wall x1 |
| 7:24 | RoR | Loris · wall_segment Palisade Wall x1 |
| 7:32 | 抖音ique · wall_segment Palisade Wall x7 |
| 7:33 | 91痛大师 · wall_segment Palisade Wall x1 |
| 7:44 | 91痛大师 · wall_segment Palisade Wall x2 |
| 7:44 | RoR | Loris · wall_segment Palisade Wall x8 |
| 7:46 | 91痛大师 · wall_segment Palisade Wall x1 |
| 7:50 | OS+ | Snake 青田龙 · wall_segment Palisade Wall x1 |
| 9:04 | OS+ | Snake 青田龙 · age_up feudal |
| 9:35 | OS+ | Snake 青田龙 · first_building Archery Range |
| 9:43 | RoR | Vodka_L_ · age_up feudal |
| 9:51 | RoR | Vodka_L_ · first_building Archery Range |
| 10:09 | OS+ | Snake 青田龙 · wall_segment Palisade Wall x1 |
| 10:33 | OS+ | Snake 青田龙 · first_building Dock |
| 10:35 | RoR | Loris · first_building Dock |
| 10:45 | OS+ | Snake 青田龙 · wall_segment Palisade Wall x2 |
| 11:10 | RoR | Vodka_L_ · wall_segment Palisade Wall x1 |
| 11:12 | RoR | Vodka_L_ · wall_segment Palisade Wall x1 |
| 11:24 | Simvall · age_up feudal |
| 11:26 | 01DarkDevil · wall_segment Palisade Wall x8 |
| 11:30 | 91痛大师 · age_up feudal |
| 11:41 | 91痛大师 · wall_segment Palisade Wall x1 |
| 11:47 | Simvall · wall_segment Stone Wall x10 |
| 11:47 | 展毅 · age_up feudal |
| 12:01 | 01DarkDevil · wall_segment Palisade Wall x1 |
| 12:11 | 01DarkDevil · age_up feudal |
| 12:24 | Simvall · first_market_sell 100 stone |
| 12:41 | OS+ | Snake 青田龙 · wall_segment Palisade Wall x5 |
| 13:05 | 抖音ique · first_building Barracks |
| 13:35 | 抖音ique · age_up feudal |
| 14:01 | RoR | Loris · age_up feudal |
| 14:08 | Simvall · wall_segment Stone Wall x11 |
| 14:14 | RoR | Loris · wall_segment Stone Wall x11 |
| 14:36 | RoR | Vodka_L_ · wall_segment Stone Wall x1 |
| 14:37 | RoR | Vodka_L_ · wall_segment Stone Wall x2 |
| 14:40 | RoR | Vodka_L_ · wall_segment Stone Wall x6 |
| 14:41 | RoR | Vodka_L_ · wall_segment Stone Wall x4 |
| 15:00 | 展毅 · wall_segment Palisade Wall x1 |
| 15:00 | 91痛大师 · age_up castle |
| 15:06 | Simvall · age_up castle |
| 15:24 | RoR | Loris · first_market_sell 100 wood |
| 15:24 | 91痛大师 · first_building Castle |
| 15:25 | RoR | Loris · first_market_buy 100 food |
| 15:32 | Simvall · first_market_buy 100 food |
| 15:42 | 展毅 · age_up castle |
| 15:43 | 展毅 · first_building Siege Workshop |
| 15:50 | RoR | Loris · wall_segment Stone Wall x9 |
| 15:51 | OS+ | Snake 青田龙 · wall_segment Palisade Wall x1 |
| 15:52 | OS+ | Snake 青田龙 · wall_segment Palisade Wall x1 |
| 15:53 | 01DarkDevil · age_up castle |
| 15:56 | Simvall · wall_segment Stone Wall x8 |
| 16:00 | RoR | Vodka_L_ · wall_segment Stone Wall x10 |
| 16:05 | RoR | Vodka_L_ · wall_segment Stone Wall x4 |
| 16:07 | 01DarkDevil · first_building Siege Workshop |
| 16:10 | 01DarkDevil · first_building Monastery |
| 16:37 | RoR | Loris · wall_segment Stone Wall x11 |
| 17:04 | RoR | Vodka_L_ · wall_segment Stone Wall x7 |
| 17:05 | 91痛大师 · first_market_buy 100 wood |
| 17:41 | RoR | Vodka_L_ · wall_segment Stone Wall x6 |
| 18:36 | RoR | Loris · age_up castle |
| 18:38 | 91痛大师 · first_building Barracks |
| 18:53 | OS+ | Snake 青田龙 · first_market_buy 100 food |
| 19:16 | 01DarkDevil · first_market_sell 100 food |
| 19:17 | 91痛大师 · first_building Stable |
| 19:41 | 展毅 · wall_segment Stone Wall x2 |
| 19:41 | RoR | Loris · first_building Monastery |
| 21:02 | 抖音ique · age_up castle |
| 21:06 | 抖音ique · first_building Siege Workshop |
| 21:44 | OS+ | Snake 青田龙 · age_up castle |
| 21:47 | OS+ | Snake 青田龙 · first_building Siege Workshop |
| 21:50 | 91痛大师 · first_market_sell 100 wood |
| 22:30 | 展毅 · wall_segment Stone Wall x1 |
| 22:51 | 展毅 · wall_segment Stone Wall x1 |
| 22:53 | RoR | Loris · wall_segment Stone Wall x16 |
| 22:55 | Simvall · wall_segment Stone Wall x3 |
| 23:08 | Simvall · first_building Siege Workshop |
| 23:14 | Simvall · wall_segment Stone Wall x12 |
| 23:34 | RoR | Loris · wall_segment Stone Wall x11 |
| 23:41 | Simvall · wall_segment Stone Wall x9 |
| 23:58 | Simvall · first_building Castle |
| 24:02 | 抖音ique · first_building Monastery |
| 24:06 | Simvall · wall_segment Stone Wall x1 |
| 24:14 | Simvall · wall_segment Stone Wall x1 |
| 24:17 | Simvall · wall_segment Stone Wall x1 |
| 24:23 | Simvall · wall_segment Stone Wall x15 |
| 24:24 | RoR | Loris · wall_segment Stone Wall x8 |
| 24:27 | RoR | Vodka_L_ · age_up castle |
| 24:48 | RoR | Loris · wall_segment Stone Wall x1 |
| 25:00 | RoR | Vodka_L_ · first_market_buy 100 wood |
| 25:19 | RoR | Vodka_L_ · first_building Castle |
| 25:19 | RoR | Loris · first_building Siege Workshop |
| 25:21 | OS+ | Snake 青田龙 · first_building Monastery |
| 25:21 | RoR | Loris · wall_segment Stone Wall x9 |
| 25:32 | 抖音ique · first_market_sell 100 wood |
| 25:33 | 抖音ique · first_market_buy 100 food |
| 25:42 | Simvall · wall_segment Stone Wall x7 |
| 25:45 | 01DarkDevil · first_market_buy 100 stone |
| 25:51 | 01DarkDevil · first_building Castle |
| 25:53 | 抖音ique · wall_segment Palisade Wall x1 |
| 26:02 | 抖音ique · wall_segment Palisade Wall x1 |
| 26:11 | 抖音ique · wall_segment Palisade Wall x1 |
| 26:12 | 抖音ique · wall_segment Palisade Wall x1 |
| 26:13 | RoR | Vodka_L_ · first_market_sell 100 food |
| 26:23 | 展毅 · first_market_buy 100 wood |
| 26:39 | Simvall · wall_segment Stone Wall x1 |
| 26:41 | 抖音ique · wall_segment Palisade Wall x1 |
| 27:21 | Simvall · wall_segment Stone Wall x1 |
| 27:53 | 01DarkDevil · age_up imperial |
| 28:17 | 展毅 · first_market_sell 500 wood |
| 28:50 | 展毅 · first_building Barracks |
| 29:26 | 展毅 · first_building Archery Range |
| 29:50 | 91痛大师 · first_building Monastery |
| 29:57 | RoR | Loris · first_building Castle |
| 30:03 | OS+ | Snake 青田龙 · age_up imperial |
| 30:06 | Simvall · wall_segment Stone Wall x8 |
| 30:12 | OS+ | Snake 青田龙 · first_building Castle |
| 30:17 | Simvall · wall_segment Stone Wall x1 |
| 30:22 | RoR | Loris · first_building Barracks |
| 30:56 | 01DarkDevil · first_building Barracks |
| 31:21 | RoR | Loris · first_building Stable |
| 31:41 | OS+ | Snake 青田龙 · first_market_sell 100 food |
| 31:42 | 展毅 · age_up imperial |
| 32:05 | 抖音ique · first_building Castle |
| 32:17 | 抖音ique · wall_segment Stone Wall x11 |
| 32:33 | 抖音ique · wall_segment Stone Wall x2 |
| 32:51 | 抖音ique · first_building Archery Range |
| 33:04 | Simvall · wall_segment Stone Wall x9 |
| 33:15 | RoR | Loris · age_up imperial |
| 33:25 | Simvall · wall_segment Stone Wall x3 |
| 33:45 | Simvall · wall_segment Stone Wall x3 |
| 33:47 | Simvall · wall_segment Stone Wall x1 |
| 33:51 | 抖音ique · wall_segment Stone Wall x8 |
| 34:04 | 01DarkDevil · first_building Archery Range |
| 34:06 | Simvall · wall_segment Stone Wall x3 |
| 34:07 | Simvall · wall_segment Stone Wall x8 |
| 34:22 | 抖音ique · age_up imperial |
| 34:37 | RoR | Vodka_L_ · age_up imperial |
| 34:47 | 91痛大师 · age_up imperial |
| 35:33 | 展毅 · wall_segment Stone Wall x11 |
| 35:38 | 展毅 · wall_segment Stone Wall x5 |
| 37:25 | 91痛大师 · wall_segment Stone Wall x16 |
| 37:29 | 91痛大师 · wall_segment Stone Wall x2 |
| 37:32 | 91痛大师 · wall_segment Stone Wall x6 |
| 37:33 | 91痛大师 · wall_segment Stone Wall x5 |
| 37:42 | 91痛大师 · wall_segment Stone Wall x1 |
| 37:43 | 91痛大师 · wall_segment Stone Wall x1 |
| 37:43 | 91痛大师 · wall_segment Stone Wall x1 |
| 38:10 | 展毅 · wall_segment Stone Wall x1 |
| 38:18 | 91痛大师 · wall_segment Stone Wall x1 |
| 38:22 | Simvall · wall_segment Stone Wall x6 |
| 38:23 | 展毅 · wall_segment Stone Wall x2 |
| 38:27 | 展毅 · wall_segment Stone Wall x3 |
| 38:47 | 抖音ique · wall_segment Stone Wall x4 |
| 38:50 | 抖音ique · wall_segment Stone Wall x1 |
| 38:55 | 01DarkDevil · first_building Stable |
| 38:58 | 抖音ique · wall_segment Stone Wall x1 |
| 39:01 | 抖音ique · wall_segment Stone Wall x1 |
| 39:07 | 抖音ique · wall_segment Stone Wall x2 |
| 39:07 | Simvall · wall_segment Stone Wall x5 |
| 39:10 | Simvall · wall_segment Stone Wall x10 |
| 39:42 | RoR | Vodka_L_ · first_building Siege Workshop |
| 40:10 | Simvall · wall_segment Stone Wall x1 |
| 40:35 | Simvall · wall_segment Stone Wall x1 |
| 41:14 | 抖音ique · first_building Stable |
| 41:15 | RoR | Loris · tribute_sent a jugador 1 |
| 41:15 | RoR | Loris · tribute_sent a jugador 2 |
| 41:15 | RoR | Loris · tribute_sent a jugador 3 |
| 41:15 | RoR | Loris · tribute_sent a jugador 4 |
| 41:15 | RoR | Loris · tribute_sent a jugador 5 |
| 41:15 | RoR | Loris · tribute_sent a jugador 6 |
| 41:15 | RoR | Loris · tribute_sent a jugador 7 |
| 41:51 | 91痛大师 · resign |
| 42:13 | Simvall · wall_segment Stone Wall x1 |
[ AI ANALYSIS · 1 CREDIT ]
What really happened in this match?
Wolo.gg analyzes every decision: build order, eco, micro, common mistakes by bracket. Personalized analysis on WhatsApp or Discord in 30 seconds.
Civ guide
Saracens
Perfil
Simvall